 Dungeon Crawl Stone Soup version 0.31.0-10-gcf4a605ca0 (webtiles) character file.

Game seed: 11889162428637812611

1854 DemonSlayer the Magician (level 8, -4/54 HPs)
             Began as a Demonspawn Earth Elementalist on Jan 25, 2024.
             Was a Believer of Dithmenos.
             Slain by a steam dragon (6 damage)
             ... on level 6 of the Dungeon.
             The game lasted 00:12:53 (6799 turns).

DemonSlayer the Magician (DsEE)                     Turns: 6799, Time: 00:12:54

Health: -4/54      AC:  3    Str:  9    XL:     8   Next: 89%
Magic:  12/18      EV: 15    Int: 16    God:    Dithmenos [**....]
Gold:   288        SH:  0    Dex: 15    Spells: 4/20 levels left

rFire   . . .        f - +6 dagger (venom)
rCold   . . .        (no shield)
rNeg    + . .        a - +1 robe
rPois   .            (helmet restricted)
rElec   .            (no cloak)
rCorr   .            (no gloves)
SInv    .            (no boots)
Will    .....        (no amulet)
Stlth   +++          p - ring of positive energy
HPRegen 0.29/turn    g - ring of flight
MPRegen 0.32/turn

%: no passive effects
@: flying, wreathed by umbra
A: horns 1, repulsion field 1, magic regeneration, condensation shield
a: Renounce Religion, Shadow Step


You were on level 6 of the Dungeon.
You worshipped Dithmenos.
Dithmenos was pleased with you.
You visited 1 branch of the dungeon, and saw 6 of its levels.

You collected 288 gold pieces.

Inventory:

Hand Weapons
 b - a +0 dagger of electrocution
 c - a +0 dagger
 f - a +6 dagger of venom (weapon)
 l - a +0 dagger of pain
Armour
 a - a +1 robe (worn)
Jewellery
 g - a ring of flight (right hand)
 p - a ring of positive energy (left hand)
Wands
 m - a wand of charming (13)
 t - a wand of mindburst (7)
Scrolls
 e - 5 scrolls of blinking
 h - 3 scrolls of noise
 j - a scroll of enchant armour
 k - a scroll of silence
 o - a scroll of torment {unknown}
Potions
 d - 3 potions of ambrosia {unknown}
 i - 2 potions of heal wounds
 n - a potion of curing
 q - 2 potions of brilliance


   Skills:
 + Level 1.0 Fighting
 + Level 1.7 Short Blades
 + Level 2.7 Dodging
 + Level 3.6 Stealth
 + Level 1.7 Shields
 + Level 6.7 Spellcasting
 + Level 3.8 Conjurations
 + Level 6.3 Earth Magic


You had 4 spell levels left.
You knew the following spells:

 Your Spells              Type           Power      Damage    Failure   Level
a - Sandblast             Erth           50%        2d12      1%          1
b - Stone Arrow           Conj/Erth      42%        3d9       4%          3
c - Petrify               Alch/Erth      15%        N/A       34%         4
d - Brom's Barrelling Bo  Conj/Erth      21%        2d4       16%         4
e - Dispel Undead         Necr           5%         3d7       77%         4

Your spell library contained the following spells:

 Spells                   Type           Power      Damage    Failure   Level
 Passwall                 Erth           25%        N/A       3%          3
 Kiss of Death            Conj/Necr      44%        2d8       6%          1
 Confusing Touch          Hex            5%         N/A       36%         3


Dungeon Overview and Level Annotations

Branches:
Dungeon (6/15)
 Temple: D:4-7

Altars:
Ashenzari
Dithmenos
Nemelex Xobeh
Okawaru
Vehumet
Wu Jian
Xom

Shops:
D:2 (

Annotations:
D:2 1 runed translucent door, Crazy Yiuf


Innate Abilities, Weirdness & Mutations

You have a pair of small horns on your head.
You are surrounded by a mild repulsion field. (EV +2)
You regenerate magic rapidly.
A meltable shield of frost defends you. (SH +0)


Message History

d - 3 murky cyan potions (gained 1)
A steam dragon comes into view.
A steam dragon is nearby!
A steam dragon is nearby!
A steam dragon is nearby!
A steam dragon is nearby!
The steam dragon hisses angrily.
You closely miss the steam dragon. Your headbutt misses the steam dragon.
The steam dragon breathes steam at you. The ball of steam hits you!!
Your condensation shield dissipates!
You hit the steam dragon.
The steam dragon is poisoned.
You headbutt the steam dragon, but do no damage.
The steam dragon is lightly wounded.
You are engulfed in a cloud of scalding steam.
The steam dragon bites you! The steam dragon completely misses you.
You are too injured to fight recklessly!
You are too injured to fight recklessly!
Casting: Stone Arrow (dangerous; 4% risk of failure)
Confirm with . or Enter, or press ? or * to list all spells.
Aiming: Stone Arrow (dangerous; 4% risk of failure)
Press: ? - help, Shift-Dir - straight line, f - steam dragon
Aim: a steam dragon (moderately wounded, very poisoned, catching its breath, umbra, 71% to hit)
The stone arrow hits the steam dragon.
The steam dragon is moderately wounded.
You are engulfed in a cloud of scalding steam.
* * * LOW HITPOINT WARNING * * *
The steam dragon closely misses you. The steam dragon misses you.
Unknown command.
Casting: Stone Arrow (dangerous; 4% risk of failure)
Confirm with . or Enter, or press ? or * to list all spells.
Aiming: Stone Arrow (dangerous; 4% risk of failure)
Press: ? - help, Shift-Dir - straight line, f/p - steam dragon
Aim: a steam dragon (moderately wounded, very poisoned, catching its breath, umbra, 71% to hit)
The stone arrow hits the steam dragon!
The steam dragon is severely wounded.
You are engulfed in a cloud of scalding steam.
* * * LOW HITPOINT WARNING * * *
The steam dragon bites you.
You die...

#### ..# #### #D# ...#
#@# ##.# #§#
...#############§#####
##...................#
##.###..########.###.#
##.###<..........# #.#
##......#######..#
#.######### #########
#..# #.......... #
#..# #..########


You could see a steam dragon (very poisoned, catching breath).

Vanquished Creatures
  Grinder (D:5)
  Sigmund (D:2)
  2 ice beasts
  An ogre (D:5)
  A centaur (D:5)
  A phantom (D:5)
  Blork the orc (D:5)
  A scorpion (D:4)
  A wight (D:5)
  A howler monkey (D:5)
  4 bombardier beetles
  2 hounds
  2 orc priests (D:5)
  3 jellies (D:5)
  A gnoll bouda (D:5)
  2 sleepcaps
  Ijyb (D:4)
  3 iguanas
  2 orc wizards
  Robin (D:2)
  6 gnolls
  10 adders
  A shadow imp (D:5)
  A white imp (D:5)
  2 ribbon worms (D:2)
  A dart slug (D:1)
  16 orcs
  6 bats
  10 endoplasms
  3 giant cockroaches (D:4)
  3 hobgoblins
  7 jackals
  8 kobolds
  5 quokkas
  6 ball pythons
  3 frilled lizards
  15 goblins
  4 rats
139 creatures vanquished.

Notes
Turn   | Place    | Note
-------+----------+-------------------------------------------
     0 | D:1      | DemonSlayer the Demonspawn Earth Elementalist began the
                  | quest for the Orb.
     0 | D:1      | Reached XP level 1. HP: 13/13 MP: 3/3
   344 | D:1      | Gained mutation: You are surrounded by a mild repulsion
                  | field. (EV +2) [demonic ancestry]
   344 | D:1      | Reached XP level 2. HP: 19/19 MP: 3/5
   942 | D:1      | Gained mutation: A meltable shield of frost defends you.
                  | (SH +0) [demonic ancestry]
   942 | D:1      | Reached XP level 3. HP: 13/24 MP: 3/6
   992 | D:2      | Learned a level 3 spell: Stone Arrow
  1309 | D:2      | Noticed Robin
  1734 | D:2      | Reached XP level 4. HP: 18/30 MP: 4/8
  2044 | D:3      | Found an ornate altar of the Wu Jian Council.
  2044 | D:3      | Found a broken altar of Ashenzari.
  2045 | D:3      | Found a shimmering altar of Xom.
  2045 | D:3      | Found a shadowy altar of Dithmenos.
  2056 | D:3      | Became a worshipper of Dithmenos the Shadowed
  2309 | D:3      | Found an iron altar of Okawaru.
  2502 | D:3      | Learned a level 4 spell: Petrify
  2816 | D:3      | Reached skill level 1 in Shields
  2816 | D:3      | Gained mutation: You regenerate magic rapidly. [demonic
                  | ancestry]
  2816 | D:3      | Reached XP level 5. HP: 13/35 MP: 0/10
  3020 | D:2      | Reached * piety under Dithmenos
  3224 | D:2      | Found Ycisi's Weapon Shop.
  3254 | D:2      | Killed Robin
  3301 | D:2      | Noticed a golden eye
  3303 | D:2      | Found a faded altar of an unknown god.
  3305 | D:2      | Noticed a golden eye
  3322 | D:2      | Noticed a glass eye
  3339 | D:2      | Noticed a shining eye
  3554 | D:2      | Found a runed translucent door.
  3555 | D:2      | Noticed Crazy Yiuf
  3737 | D:2      | Noticed Sigmund
  3759 | D:2      | Killed Sigmund
  3760 | D:2      | Reached XP level 6. HP: 33/41 MP: 0/12
  4002 | D:4      | Noticed Ijyb
  4014 | D:4      | Noticed an ice beast
  4023 | D:4      | Killed an ice beast
  4024 | D:4      | Reached XP level 7. HP: 28/46 MP: 0/14
  4032 | D:4      | Reached skill level 5 in Spellcasting
  4126 | D:4      | Killed Ijyb
  4245 | D:4      | Reached skill level 5 in Earth Magic
  4340 | D:4      | Reached ** piety under Dithmenos
  4751 | D:4      | Learned a level 4 spell: Brom's Barrelling Boulder
  4756 | D:4      | Learned a level 4 spell: Dispel Undead
  5402 | D:5      | Entered Level 5 of the Dungeon
  5579 | D:5      | Found a radiant altar of Vehumet.
  5622 | D:5      | Noticed Blork the orc
  5630 | D:5      | Killed Blork the orc
  5631 | D:5      | Gained mutation: You have a pair of small horns on your
                  | head. [demonic ancestry]
  5631 | D:5      | Reached XP level 8. HP: 25/53 MP: 1/16
  5913 | D:5      | Reached skill level 1 in Fighting
  5913 | D:5      | Reached skill level 1 in Short Blades
  6334 | D:5      | Found a sparkling altar of Nemelex Xobeh.
  6474 | D:5      | Noticed Grinder
  6484 | D:5      | Paralysed by Grinder for 4 turns
  6500 | D:5      | Killed Grinder
  6799 | D:6      | HP: 1/54 [steam dragon] (13)]
  6799 | D:6      | Slain by a steam dragon

Illustrated notes

Levels and vault maps discovered:
D:1:      dpeg_arrival_three_smaller_balls, layout_basic
D:2:      kennysheep_big_flooded_room, layout_basic,
          hellmonk_ecumenical_altar_watching_god, serial_shops, shop,
          nicolae_grassy_gnolls, uniq_sigmund, uniq_robin,
          uniq_crazy_yiuf_cottage
D:3:      layout_basic, chequers_temple_overflow_statue_of_worship,
          okawaru_trees_2, kennysheep_generic_room_14
D:4:      layout_rooms, uniq_ijyb
D:5:      minmay_evil_eye, layout_basic, kennysheep_mini,
          overflow_temple_1_default, kennysheep_generic_room_9, uniq_grinder,
          uniq_blork_the_orc
D:6:      layout_loops_ring, trog_ov_bears_minmay, minmay_temple_entry_fiery,
          uniq_duvessa

Skill      XL: |  1  2  3  4  5  6  7  8 |
---------------+-------------------------+-----
Earth Magic    | 3 4 5 6 |  6.3
Stealth        | 2 3 |  3.6
Dodging        | 2 |  2.7
Spellcasting   | 3 4 5 6 |  6.7
Shields        | 1 |  1.7
Conjurations   | 3 |  3.8
Fighting       | 1 |  1.0
Short Blades   | 1 |  1.7

Action                     |  1- 3 |  4- 6 |  7- 9 || total
---------------------------+-------+-------+-------++-------
  Melee: Dagger            |    31 |    32 |    54 ||   117
         Headbutt          |       |       |     4 ||     4
         Punch             |       |       |     1 ||     1
   Cast: Sandblast         |    46 |    94 |    23 ||   163
         Stone Arrow       |       |     7 |    69 ||    76
    Use: Potion            |     2 |       |     6 ||     8
         Scroll            |     1 |       |    11 ||    12
   Stab: Sleeping          |     1 |       |     1 ||     2
 Armour: Robe              |    34 |    47 |    53 ||   134
  Dodge: Dodged            |    56 |    88 |    65 ||   209
  Block: Other             |     7 |    15 |    15 ||    37
